 Dungeon Crawl Stone Soup version 0.28.0-53-g5a82cb258f (webtiles) character file.

Game seed: 16297732997727535345

65 solomon12318 the Poker (level 4, 0/39 HPs)
             Began as a Naga Gladiator on July 26, 2022.
             Slain by an orc
             ... wielding a +0 mace
              (6 damage)
             ... on level 3 of the Dungeon.
             The game lasted 00:04:57 (1781 turns).

solomon12318 the Poker (Naga Gladiator)             Turns: 1781, Time: 00:04:58

Health: 0/39       AC:  3    Str: 19    XL:     4   Next: 14%
Magic:  4/4        EV: 10    Int:  8    God:
Gold:   91         SH:  0    Dex: 12    Spells: 3/3 levels left

rFire   . . .      SeeInvis +   a - +0 trident
rCold   . . .      Faith    .   (no shield)
rNeg    . . .      Spirit   .   b - +0 leather armour
rPois   +          Reflect  .   c - +0 helmet
rElec   .          Harm     .   (no cloak)
rCorr   .          Rampage  .   (no gloves)
Will    .....                   (no barding)
Stlth   +.........              (no amulet)
HPRegen 0.13/turn               (no ring)
MPRegen 0.09/turn               (no ring)

@: very slow
A: AC +1, large, see invisible, deformed body, poison resistance, slowness 2,
spit poison 1, naga tail 1
a: Spit Poison


You were on level 3 of the Dungeon.
You visited 1 branch of the dungeon, and saw 3 of its levels.

You collected 91 gold pieces.

Inventory:

Hand Weapons
 a - a +0 trident (weapon)
Missiles
 d - 3 throwing nets
 e - 3 javelins
Armour
 b - a +0 leather armour (worn)
 c - a +0 helmet (worn)
Scrolls
 i - a scroll of immolation {unknown}
Potions
 f - a potion of curing {unknown}
 g - a potion of brilliance {unknown}
 h - a potion of resistance {unknown}


   Skills:
 - Level 2.0 Fighting
 + Level 4.9 Polearms
 - Level 1.7 Throwing
 - Level 2.4 Dodging


You had 3 spell levels left.
You didn't know any spells.
Your spell library contained the following spells:

 Spells                   Type           Power      Damage    Failure   Level
 Gell's Gravitas          Tloc           0%         N/A       83%         3
 Teleport Other           Tloc           0%         N/A       83%         3
 Dispersal                Tloc           0%         N/A       100%        6


Dungeon Overview and Level Annotations

Branches:
Dungeon (3/15)

Altars:
The Shining One


Innate Abilities, Weirdness & Mutations

Your serpentine skin is tough. (AC +1)
You have supernaturally acute eyesight. (SInv)
Armour fits poorly on your strangely shaped body.
Your system is resistant to poisons. (rPois)
You cover ground very slowly.
You can spit poison.
You have a snake-like lower body.


Message History

You closely miss the orc.
The orc is lightly wounded.
The goblin shouts!
The orc hits you but does no damage. The orc hits you with a +0 dagger.
You hit the orc but do no damage.
The orc is lightly wounded.
The orc hits you with a +0 dagger. The orc completely misses you.
You closely miss the orc.
The orc is lightly wounded.
The orc hits you with a +0 dagger. The orc hits you with a +0 mace.
The orc barely misses you. The orc hits you but does no damage.
You closely miss the orc.
The orc is lightly wounded.
The orc hits you but does no damage. The orc hits you with a +0 mace.
You hit the orc.
The orc is severely wounded.
The orc barely misses you. The orc closely misses you.
You barely miss the orc.
The orc is severely wounded.
The orc barely misses you. The orc hits you with a +0 mace!
You closely miss the orc.
The orc is severely wounded.
The orc hits you with a +0 mace. The orc hits you with a +0 dagger.
You closely miss the orc.
The orc is severely wounded.
The orc barely misses you. The orc closely misses you.
You hit the orc.
The orc is almost dead.
The orc hits you with a +0 mace! The orc hits you with a +0 dagger.
* * * LOW HITPOINT WARNING * * *
You barely miss the orc.
The orc is almost dead.
The orc hits you with a +0 mace.
* * * LOW HITPOINT WARNING * * *
The orc closely misses you.
An orc comes into view. It is wielding a +0 mace.
The orc hits you with a +0 mace.
* * * LOW HITPOINT WARNING * * *
You barely miss the orc. The orc hits you with a +0 mace.
You die...

.. #. .. ≈≈≈. ### # ≈≈≈
..≈. ..# #
..######.≈#.#.#########
###.....#.≈#.#.##.>.....
...≈≈≈≈.#.≈#...##.......
≈o..≈.#.≈# #..........
#.≈.#.≈###..+#######
#g≈@#.≈.....#
.≈...#o≈.#.##...# .≈≈
#o≈.#......# .
#.≈.#..#...#
...≈.#..##..#
≈≈≈≈≈.#..###.#
≈≈......#..# #.#
..#######... .# ## ...#
.+


You could see 3 orcs and a goblin.

Vanquished Creatures
  A jelly (D:2)
  A dart slug (D:3)
  4 endoplasms
  3 giant cockroaches (D:2)
  A hobgoblin (D:1)
  2 quokkas
  2 ball pythons (D:1)
  A bat (D:2)
  12 frilled lizards
  3 goblins
  A kobold (D:1)
  3 rats
  A spectral hobgoblin (D:1)
35 creatures vanquished.

Vanquished Creatures (others)
  7 plants (D:1)
7 creatures vanquished.

Grand Total: 42 creatures vanquished

Notes
Turn   | Place    | Note
-------+----------+-------------------------------------------
     0 | D:1      | solomon12318 the Naga Gladiator began the quest for the
                  | Orb.
     0 | D:1      | Reached XP level 1. HP: 19/19 MP: 1/1
    15 | D:1      | Found a faded altar of an unknown god.
   389 | D:1      | Reached XP level 2. HP: 20/26 MP: 2/2
  1245 | D:2      | Reached skill level 4 in Polearms
  1245 | D:2      | Reached XP level 3. HP: 28/32 MP: 3/3
  1303 | D:2      | Found a glowing golden altar of the Shining One.
  1532 | D:2      | Reached XP level 4. HP: 39/39 MP: 4/4
  1781 | D:3      | Slain by an orc

Illustrated notes

Levels and vault maps discovered:
D:1:      nzn_arrival_water_spiral, layout_basic,
          dreamdust_ecumenical_altar_drowned_temple, serial_forest,
          infiniplex_forest_clump_small, infiniplex_forest_corner_1,
          infiniplex_forest_clump_tiny, infiniplex_forest_zigzag_1,
          infiniplex_forest_lined_corner, minmay_lizard_king
D:2:      minmay_door_path, layout_rooms, basic_altar, wad_orctagon
D:3:      layout_loops_cross, nicolae_overflow_squiral, portal_sewer_entry_d,
          kennysheep_decorative_pillar, minmay_parallelograms, minivault_11,
          nicolae_concentric_dashed_squares_wild, grunt_ministairs_12

Skill      XL: |  1  2 |
---------------+-------+-----
Polearms       | 4 |  4.9
Fighting       | |  2.0
Throwing       | |  1.7
Dodging        | |  2.4

Action                   |  1- 3 |  4- 6 || total
-------------------------+-------+-------++-------
Melee: Trident           |    66 |    24 ||    90
       Punch             |     1 |       ||     1
 Abil: Spit Poison       |    10 |       ||    10
  Use: Scroll            |     1 |       ||     1
 Stab: Sleeping          |     2 |       ||     2
Armor: Leather armour    |    17 |     5 ||    22
Dodge: Dodged            |    22 |    14 ||    36
